 Dungeon Crawl Stone Soup version 0.29.0-4-gdea44cf6ec (webtiles) character file.

Game seed: 6594984717707843214

37781 qw the Brawler (level 13, -4/120 HPs)
             Began as a Troll Cinder Acolyte on Aug 31, 2022.
             Was a Priest of Okawaru.
             Slain by a death yak (6 damage)
             ... while petrified by a basilisk
             ... on level 5 of the Lair of Beasts.
             The game lasted 00:10:08 (13564 turns).

qw the Brawler (Troll Cinder Acolyte)              Turns: 13564, Time: 00:10:09

Health: -4/120     AC: 14    Str: 29    XL:     13   Next: 60%
Magic:  15/15      EV:  1    Int: 10    God:    Okawaru [***...]
Gold:   563        SH:  0    Dex:  5    Spells: 14/14 levels left

rFire   . . .      SeeInvis .     - Unarmed
rCold   . . .      Faith    .   l - +2 tower shield
rNeg    + + +      Spirit   .   a - +0 robe
rPois   inf        Reflect  .   e - +2 hat of the Baking Gods {rElec rPois rCorr}
rElec   +          Harm     .   (no cloak)
rCorr   +          Rampage  .   (gloves unavailable)
Will    .....                   (boots unavailable)
Stlth   ++........              (no amulet)
HPRegen 1.10/turn               q - +4 ring of protection
MPRegen 0.14/turn               k - +4 ring of protection

@: petrified, heroic
A: large, unfitting armour, claws 3, regeneration 1, shaggy fur 1, tough skin 1
a: Renounce Religion, Heroism


You were on level 5 of the Lair of Beasts.
You worshipped Okawaru.
Okawaru was most pleased with you.
You visited 3 branches of the dungeon, and saw 16 of its levels.

You collected 1581 gold pieces.
You spent 1018 gold pieces at shops.


Innate Abilities, Weirdness & Mutations

You are too large for most types of armour.
You have claws for hands.
Your natural rate of healing is unusually fast.
You are covered in fur. (AC +1)
You have tough skin. (AC +1)


   Skills:
 - Level 6.1(11.1) Fighting
 - Level 3.8(8.8) Throwing
 - Level 1.5(6.5) Dodging
 + Level 14.6(19.6) Shields
 - Level 15.0(20.0) Unarmed Combat
 - Level 1.0 Spellcasting
 - Level 2.1 Fire Magic
 - Level 4.0 Invocations


You had 14 spell levels left.
You didn't know any spells.
Your spell library contained the following spells:

 Spells                   Type           Power      Damage    Failure   Level
 Scorch                   Fire           8%         2d5       36%         2

Inventory:

Armour
 a - a +0 robe (worn)
 e - the +2 hat of the Baking Gods (worn) {rElec rPois rCorr}
   (You acquired it on level 1 of the Dungeon)

   rElec:     It insulates you from electricity.
   rPois:     It protects you from poison.
   rCorr:     It protects you from acid and corrosion.
 l - a +2 tower shield (worn)
Jewellery
 i - a ring of fire
 k - a +4 ring of protection (right claw)
 q - a +4 ring of protection (left claw)
Scrolls
 b - 2 scrolls of teleportation
 f - 6 scrolls of identify
 m - a scroll of enchant armour
 n - 4 scrolls of enchant weapon
Potions
 c - a potion of haste
 d - 8 potions of curing
 g - a potion of might
 h - 4 potions of heal wounds
 j - 2 potions of mutation
 p - a potion of magic

Dungeon Overview and Level Annotations

Branches:
Dungeon (10/15)            Temple (1/1) D:7            Lair (5/5) D:10
 Shoals (0/4) Lair:2        Snake (0/4) Lair:2        Slime (0/5) Lair:4
    Orc (0/2) D:9

Altars:
Ashenzari
Cheibriados
Dithmenos
Elyvilon
Fedhas
Gozag
Hepliaklqana
Kikubaaqudgha
Makhleb
Nemelex Xobeh
Okawaru
Qazlal
Ru
Sif Muna
Trog
Uskayaw
Vehumet
Wu Jian
Xom
Yredelemnul
Zin
The Shining One
Jiyva

Shops:
D:5 **   D:7 *   D:8 !


Message History

The death yak gores you. You block the death yak's attack.
The death yak gores you!
You claw the death yak!
The death yak is almost dead.
You eviscerate the death yak!!!
You kill the death yak!
Okawaru accepts your kill. You block the death yak's attack. x2
You mangle the yak!!
You kill the yak!
Okawaru accepts your kill. The death yak gores you. x2
You eviscerate the yak!!!
You kill the yak!
Okawaru accepts your kill.
You mangle the death yak!!
The death yak is heavily wounded.
The death yak gores you. The death yak gores you! The basilisk gazes at you.
You are slowing down.
You mangle the death yak!!
The death yak is almost dead.
You block the death yak's attack. The death yak barely misses you.
Your limbs are stiffening.
You eviscerate the death yak!!!
You kill the death yak!
Okawaru accepts your kill. You block the yak's attack. The death yak gores you!
You have turned to stone.
The yak gores you. The death yak gores you! x2
The yak gores you. The yak gores you! The death yak gores you.
The basilisk bites you. The yak completely misses you.
The death yak gores you but does no damage.
The basilisk bites you but does no damage.
The basilisk bites you! The death yak gores you!
The yak gores you but does no damage. The yak gores you but does no damage.
The basilisk bites you. The death yak gores you!!
The basilisk barely misses you. The yak gores you! The death yak gores you!
You die...

......#.#####
............##
P#...........#
.............####
................##
...........#P....##
........# #..)...P#
(YY...YY####......##
..##.###.#@##......###
(......SYlY.........#
..###......#.....#.##
###...###....###
##.###.....# #.##
#P.#### ## ####


You could see a death yak, a yak, a basilisk and a water moccasin.

Vanquished Creatures
  2 hydras
  A boulder beetle (Lair:3)
  3 two-headed ogres
  3 death yaks (Lair:5)
  Amaemon (Lair:3)
  A deep elf pyromancer (D:10)
  7 elephants (Lair:2)
  A merfolk siren (Lair:2)
  3 black mambas
  11 cane toads
  An orange demon (Lair:3)
  5 komodo dragons
  A merfolk (Lair:2)
  A polar bear (Lair:3)
  17 blink frogs
  Grinder (D:4)
  18 dream sheep
  Sigmund (D:2)
  A vampire (D:10)
  4 wyverns
  13 fire elementals
  4 basilisks
  25 yaks
  2 steam dragons
  An unseen horror simulacrum (D:9)
  Grum (D:8)
  Edmund (D:4)
  2 wargs (D:9)
  4 nagas (Lair:2)
  14 water moccasins
  Duvessa (D:4)
  4 ice beasts
  2 sky beasts
  2 black bears
  8 orc warriors
  An ogre (D:6)
  23 wolves
  A centaur (D:7)
  3 phantoms
  3 kobold brigands
  20 bullfrogs
  A necrophage (D:6)
  Blork the orc (D:3)
  10 scorpions
  4 wights (D:7)
  Dowan (D:4)
  5 killer bees
  7 howler monkeys (D:9)
  2 hounds
  2 jellies (D:5)
  4 gnoll boudas
  12 orc priests
  5 iguanas
  13 orc wizards
  6 hell rats (Lair:4)
  Natasha (D:2)
  A centaur simulacrum (D:9)
  Robin (D:2)
  18 gnolls
  14 adders
  3 white imps
  5 ufetubi (D:9)
  2 worms (D:2)
  2 dart slugs
  64 orcs
  12 ball pythons
  5 endoplasms
  2 giant cockroaches (D:1)
  13 goblins
  10 hobgoblins
  3 jackals (D:3)
  18 kobolds
  3 quokkas
  5 bats
  8 frilled lizards
  10 rats
491 creatures vanquished.

Vanquished Creatures (others)
  An orc wizard (D:5)
  41 fungi
  104 plants
146 creatures vanquished.

Grand Total: 637 creatures vanquished

Notes
Turn   | Place    | Note
-------+----------+-------------------------------------------
     0 | D:1      | qw the Troll Cinder Acolyte began the quest for the Orb.
     0 | D:1      | Reached XP level 1. HP: 22/22 MP: 1/1
     0 | D:1      | 0 ||| qw: Version: 0.1-a-97-g2dd2ca4
     0 | D:1      | 0 ||| qw: Game counter: 4599
     0 | D:1      | 0 ||| qw: Always use a shield: true
     0 | D:1      | 0 ||| qw: God list: Okawaru
     0 | D:1      | 0 ||| qw: Allow faded altars: false
     0 | D:1      | 0 ||| qw: Do Orc after D:15 true
     0 | D:1      | 0 ||| qw: Do second Lair branch before Depths: true
     0 | D:1      | 0 ||| qw: Lair rune preference: random
     0 | D:1      | 0 ||| qw: Plans: Normal
     0 | D:1      | 0 ||| PLANNING D:1-11
   165 | D:1      | Reached XP level 2. HP: 29/29 MP: 2/2
   204 | D:1      | 204 ||| Stepping ~*~*~tactically~*~*~ (hiding).
   306 | D:1      | Found a faded altar of an unknown god.
   387 | D:1      | 387 ||| Stepping ~*~*~tactically~*~*~ (stealth).
   390 | D:1      | 390 ||| Stepping ~*~*~tactically~*~*~ (stealth).
   395 | D:1      | Reached skill level 4 in Unarmed Combat
   400 | D:1      | 400 ||| Stepping ~*~*~tactically~*~*~ (stealth).
   746 | D:1      | 746 ||| UPGRADING to ring of protection from cold.
   747 | D:1      | 747 ||| READING 4 scrolls labelled SUC YNNYIGO.
   748 | D:1      | 748 ||| READING scroll labelled MAFINT DAHE.
   751 | D:1      | 751 ||| READING scroll labelled AWKOHUK FEOBUY.
   751 | D:1      | Identified a scroll of acquirement
   751 | D:1      | 751 ||| ACQUIRING +2 hat of the Baking Gods {rElec rPois
                  | rCorr}
   751 | D:1      | Acquired the +2 hat of the Baking Gods {rElec rPois rCorr}
   753 | D:1      | 753 ||| UPGRADING to +2 hat of the Baking Gods {rElec rPois
                  | rCorr}.
   758 | D:1      | 758 ||| READING 3 scrolls of identify.
   758 | D:1      | 758 ||| IDENTIFYING fuming pink potion
   759 | D:1      | 759 ||| READING 2 scrolls of identify.
   759 | D:1      | 759 ||| IDENTIFYING yellow potion
   760 | D:1      | 760 ||| DROPPING potion of flight.
   772 | D:2      | Reached XP level 3. HP: 36/36 MP: 3/3
   808 | D:2      | Found a shimmering altar of Xom.
   815 | D:2      | 815 ||| Stepping ~*~*~tactically~*~*~ (stealth).
   898 | D:2      | 898 ||| FLEEEEING.
   899 | D:2      | 899 ||| FLEEEEING.
   900 | D:2      | 900 ||| FLEEEEING.
   901 | D:2      | 901 ||| FLEEEEING.
   902 | D:2      | 902 ||| FLEEEEING.
   903 | D:2      | 903 ||| FLEEEEING.
   904 | D:2      | 904 ||| FLEEEEING.
   905 | D:2      | 905 ||| FLEEEEING.
   908 | D:2      | 908 ||| FLEEEEING.
   909 | D:2      | 909 ||| FLEEEEING.
  1076 | D:2      | 1076 ||| READING scroll of acquirement.
  1076 | D:2      | 1076 ||| ACQUIRING 556 gold pieces
  1076 | D:2      | Acquired 556 gold pieces
  1136 | D:2      | Reached skill level 5 in Unarmed Combat
  1136 | D:2      | Reached XP level 4. HP: 43/44 MP: 4/4
  1146 | D:2      | Noticed Sigmund
  1147 | D:2      | 1147 ||| Stepping ~*~*~tactically~*~*~ (hiding).
  1157 | D:2      | Killed Sigmund
  1158 | D:2      | Reached skill level 6 in Unarmed Combat
  1158 | D:2      | Reached XP level 5. HP: 34/50 MP: 5/5
  1184 | D:2      | Noticed Natasha
  1187 | D:2      | Noticed Robin
  1188 | D:2      | 1188 ||| INVOKING Fiery Armour.
  1192 | D:2      | 1192 ||| Stepping ~*~*~tactically~*~*~ (outnumbered).
  1193 | D:2      | 1193 ||| Stepping ~*~*~tactically~*~*~ (outnumbered).
  1196 | D:2      | Killed Natasha
  1206 | D:2      | 1206 ||| FLEEEEING.
  1207 | D:2      | 1207 ||| Stepping ~*~*~tactically~*~*~ (hiding).
  1208 | D:2      | Reached XP level 6. HP: 50/59 MP: 6/6
  1208 | D:2      | 1208 ||| FLEEEEING.
  1212 | D:2      | 1212 ||| Stepping ~*~*~tactically~*~*~ (hiding).
  1216 | D:2      | 1216 ||| Stepping ~*~*~tactically~*~*~ (hiding).
  1223 | D:2      | Killed Robin
  1382 | D:2      | 1382 ||| DROPPING orb of light.
  1383 | D:2      | 1383 ||| UPGRADING to +4 ring of protection.
  1384 | D:2      | 1384 ||| READING scroll labelled FUSEKO BEUNGEY.
  1385 | D:2      | 1385 ||| READING 2 scrolls of identify.
  1385 | D:2      | 1385 ||| IDENTIFYING coppery potion
  1386 | D:2      | 1386 ||| DROPPING potion of lignification.
  1532 | D:3      | Found a glowing golden altar of the Shining One.
  1535 | D:3      | Found a shimmering blue altar of Sif Muna.
  1592 | D:3      | Reached skill level 7 in Unarmed Combat
  1953 | D:3      | 1953 ||| READING scroll labelled DAFUATHR RELAUQ.
  1954 | D:3      | 1954 ||| READING scroll labelled GAUROO OSAKOE.
  1955 | D:3      | 1955 ||| DRINKING 2 metallic clear potions.
  1956 | D:3      | 1956 ||| DRINKING 2 puce potions.
  2057 | D:3      | 2057 ||| DROPPING potion of ambrosia.
  2081 | D:4      | Noticed Dowan
  2082 | D:4      | 2082 ||| INVOKING Fiery Armour.
  2082 | D:4      | Noticed Duvessa
  2084 | D:4      | 2084 ||| Stepping ~*~*~tactically~*~*~ (outnumbered).
  2087 | D:4      | 2087 ||| Stepping ~*~*~tactically~*~*~ (outnumbered).
  2088 | D:4      | 2088 ||| Stepping ~*~*~tactically~*~*~ (outnumbered).
  2089 | D:4      | 2089 ||| STAIRDANCE
  2089 | D:4      | Noticed Blork the orc
  2091 | D:3      | 2091 ||| Stepping ~*~*~tactically~*~*~ (outnumbered).
  2092 | D:3      | 2092 ||| Stepping ~*~*~tactically~*~*~ (outnumbered).
  2093 | D:3      | 2093 ||| Stepping ~*~*~tactically~*~*~ (outnumbered).
  2094 | D:3      | 2094 ||| Stepping ~*~*~tactically~*~*~ (outnumbered).
  2095 | D:3      | 2095 ||| Stepping ~*~*~tactically~*~*~ (outnumbered).
  2096 | D:3      | 2096 ||| Stepping ~*~*~tactically~*~*~ (outnumbered).
  2109 | D:4      | 2109 ||| STAIRDANCE
  2118 | D:4      | 2118 ||| STAIRDANCE
  2130 | D:4      | 2130 ||| STAIRDANCE
  2140 | D:4      | 2140 ||| STAIRDANCE
  2154 | D:4      | 2154 ||| STAIRDANCE
  2161 | D:4      | 2161 ||| STAIRDANCE
  2164 | D:4      | Killed Duvessa
  2165 | D:4      | 2165 ||| STAIRDANCE
  2169 | D:4      | 2169 ||| STAIRDANCE
  2171 | D:3      | Killed Blork the orc
  2172 | D:3      | Reached skill level 8 in Unarmed Combat
  2180 | D:4      | Killed Dowan
  2181 | D:4      | Reached XP level 7. HP: 59/66 MP: 7/7
  2277 | D:4      | Noticed Grinder
  2285 | D:4      | 2285 ||| Stepping ~*~*~tactically~*~*~ (hiding).
  2297 | D:4      | Paralysed by Grinder for 4 turns
  2303 | D:4      | Killed Grinder
  2339 | D:4      | Found a stormy altar of Qazlal.
  2339 | D:4      | Noticed Edmund
  2349 | D:4      | Killed Edmund
  2350 | D:4      | 2350 ||| FLEEEEING.
  2352 | D:4      | 2352 ||| FLEEEEING.
  2353 | D:4      | 2353 ||| FLEEEEING.
  2354 | D:4      | 2354 ||| FLEEEEING.
  2356 | D:4      | 2356 ||| FLEEEEING.
  2357 | D:4      | 2357 ||| FLEEEEING.
  2358 | D:4      | 2358 ||| FLEEEEING.
  2359 | D:4      | 2359 ||| FLEEEEING.
  2360 | D:4      | 2360 ||| FLEEEEING.
  2361 | D:4      | 2361 ||| FLEEEEING.
  2467 | D:4      | 2467 ||| Stepping ~*~*~tactically~*~*~ (stealth).
  2528 | D:4      | Reached skill level 9 in Unarmed Combat
  2528 | D:4      | Reached XP level 8. HP: 78/78 MP: 8/8
  2801 | D:4      | 2801 ||| UPGRADING to +0 tower shield.
  2806 | D:4      | 2806 ||| READING scroll labelled RUZUMUPLAA.
  2815 | D:4      | 2815 ||| Stepping ~*~*~tactically~*~*~ (stealth).
  2835 | D:4      | Reached skill level 1 in Shields
  2840 | D:5      | Entered Level 5 of the Dungeon
  2866 | D:5      | 2866 ||| Stepping ~*~*~tactically~*~*~ (hiding).
  2867 | D:5      | 2867 ||| Stepping ~*~*~tactically~*~*~ (hiding).
  2934 | D:5      | Reached skill level 3 in Shields
  3011 | D:5      | Found Ruodups's Mass Market.
  3021 | D:5      | 3021 ||| BUYING +2 tower shield (214 gold).
  3021 | D:5      | Bought a +2 tower shield for 214 gold pieces
  3051 | D:5      | 3051 ||| Stepping ~*~*~tactically~*~*~ (hiding).
  3076 | D:5      | Found a sparkling altar of Nemelex Xobeh.
  3079 | D:5      | Identified the +2 ring mail of the Eleven Heavens {Dex+4}
  3095 | D:5      | 3095 ||| Stepping ~*~*~tactically~*~*~ (hiding).
  3102 | D:5      | 3102 ||| DRINKING 4 potions of curing.
  3102 | D:5      | 3102 ||| (to cure confusion)
  3249 | D:5      | Found a burning altar of Makhleb.
  3289 | D:5      | Found a broken altar of Ashenzari.
  3294 | D:5      | Saw a vision of the Shoals and the Snake Pit.
  3294 | D:5      | Noticed a sea snake
  3294 | D:5      | Noticed a merfolk impaler
  3294 | D:5      | Noticed a merfolk
  3294 | D:5      | Noticed a merfolk
  3294 | D:5      | Noticed a salamander
  3294 | D:5      | Noticed a naga ritualist
  3294 | D:5      | Noticed an anaconda
  3294 | D:5      | Noticed a naga warrior
  3295 | D:5      | Noticed a sea snake
  3295 | D:5      | Noticed a merfolk aquamancer
  3295 | D:5      | Noticed a merfolk impaler
  3295 | D:5      | Noticed a naga ritualist
  3295 | D:5      | Noticed a snapping turtle
  3322 | D:5      | Found Piurchuf's Practical Paraphernalia.
  3330 | D:5      | 3330 ||| SHOPLISTING +3 pearl dragon scales of Grot {rElec
                  | rN+} (1434 gold, have 659).
  3330 | D:5      | 3330 ||| BUYING +4 ring of protection (432 gold).
  3330 | D:5      | Bought a +4 ring of protection for 432 gold pieces
  3330 | D:5      | 3330 ||| SHOPLISTING ring of poison resistance (240 gold,
                  | have 227).
  3330 | D:5      | 3330 ||| SHOPLISTING ring of protection from fire (300
                  | gold, have 227).
  3375 | D:5      | Found a hide-covered altar of Uskayaw.
  3385 | D:5      | Found a shadowy altar of Dithmenos.
  3400 | D:5      | Found a snail-covered altar of Cheibriados.
  3523 | D:5      | 3523 ||| UPGRADING to +2 tower shield.
  3533 | D:5      | 3533 ||| DROPPING +0 tower shield.
  3534 | D:5      | 3534 ||| DROPPING amulet of magic regeneration.
  3535 | D:5      | 3535 ||| UPGRADING to +4 ring of protection.
  3537 | D:5      | 3537 ||| DROPPING ring of protection from cold.
  3538 | D:5      | 3538 ||| READING 3 scrolls of identify.
  3538 | D:5      | 3538 ||| IDENTIFYING red potion
  3539 | D:5      | 3539 ||| DROPPING potion of attraction.
  3555 | D:6      | 3555 ||| STAIRDANCE
  3562 | D:6      | 3562 ||| STAIRDANCE
  3564 | D:5      | 3564 ||| Stepping ~*~*~tactically~*~*~ (outnumbered).
  3565 | D:5      | 3565 ||| Stepping ~*~*~tactically~*~*~ (outnumbered).
  3568 | D:5      | Reached skill level 6 in Shields
  3583 | D:6      | Reached XP level 9. HP: 84/84 MP: 9/9
  3705 | D:6      | 3705 ||| Stepping ~*~*~tactically~*~*~ (outnumbered).
  3706 | D:6      | 3706 ||| Stepping ~*~*~tactically~*~*~ (outnumbered).
  3733 | D:6      | 3733 ||| Stepping ~*~*~tactically~*~*~ (stealth).
  3763 | D:6      | 3763 ||| Stepping ~*~*~tactically~*~*~ (stealth).
  3764 | D:6      | 3764 ||| Stepping ~*~*~tactically~*~*~ (stealth).
  3773 | D:6      | 3773 ||| Stepping ~*~*~tactically~*~*~ (stealth).
  3774 | D:6      | 3774 ||| Stepping ~*~*~tactically~*~*~ (stealth).
  3796 | D:6      | 3796 ||| Stepping ~*~*~tactically~*~*~ (stealth).
  3827 | D:6      | 3827 ||| Stepping ~*~*~tactically~*~*~ (stealth).
  3837 | D:6      | 3837 ||| Stepping ~*~*~tactically~*~*~ (hiding).
  3842 | D:6      | 3842 ||| Stepping ~*~*~tactically~*~*~ (stealth).
  3850 | D:6      | 3850 ||| Stepping ~*~*~tactically~*~*~ (hiding).
  3856 | D:6      | 3856 ||| Stepping ~*~*~tactically~*~*~ (outnumbered).
  3862 | D:6      | 3862 ||| Stepping ~*~*~tactically~*~*~ (stealth).
  4145 | D:6      | 4145 ||| Stepping ~*~*~tactically~*~*~ (outnumbered).
  4147 | D:6      | 4147 ||| Stepping ~*~*~tactically~*~*~ (outnumbered).
  4148 | D:6      | 4148 ||| Stepping ~*~*~tactically~*~*~ (outnumbered).
  4149 | D:6      | 4149 ||| Stepping ~*~*~tactically~*~*~ (outnumbered).
  4150 | D:6      | 4150 ||| Stepping ~*~*~tactically~*~*~ (outnumbered).
  4151 | D:6      | 4151 ||| Stepping ~*~*~tactically~*~*~ (outnumbered).
  4152 | D:6      | 4152 ||| Stepping ~*~*~tactically~*~*~ (outnumbered).
  4153 | D:6      | 4153 ||| Stepping ~*~*~tactically~*~*~ (outnumbered).
  4154 | D:6      | 4154 ||| Stepping ~*~*~tactically~*~*~ (outnumbered).
  4519 | D:6      | 4519 ||| DROPPING ring of magical power.
  4520 | D:6      | 4520 ||| READING scroll labelled REWINI UTOKET.
  4615 | D:7      | 4615 ||| INVOKING Fiery Armour.
  4619 | D:7      | 4619 ||| Stepping ~*~*~tactically~*~*~ (outnumbered).
  4620 | D:7      | 4620 ||| Stepping ~*~*~tactically~*~*~ (outnumbered).
  4621 | D:7      | 4621 ||| Stepping ~*~*~tactically~*~*~ (outnumbered).
  4622 | D:7      | 4622 ||| Stepping ~*~*~tactically~*~*~ (outnumbered).
  4623 | D:7      | 4623 ||| Stepping ~*~*~tactically~*~*~ (outnumbered).
  4625 | D:7      | 4625 ||| Stepping ~*~*~tactically~*~*~ (outnumbered).
  4626 | D:7      | 4626 ||| Stepping ~*~*~tactically~*~*~ (outnumbered).
  4627 | D:7      | 4627 ||| Stepping ~*~*~tactically~*~*~ (outnumbered).
  4629 | D:7      | 4629 ||| Stepping ~*~*~tactically~*~*~ (outnumbered).
  4631 | D:7      | 4631 ||| Stepping ~*~*~tactically~*~*~ (outnumbered).
  4632 | D:7      | 4632 ||| Stepping ~*~*~tactically~*~*~ (outnumbered).
  4637 | D:7      | HP: 18/84 [orc priest/divine providence (12)]
  4638 | D:7      | 4638 ||| READING 4 scrolls of teleportation.
  4638 | D:7      | HP: 2/84 [orc priest/divine providence (16)]
  4639 | D:7      | 4639 ||| DRINKING 2 potions of heal wounds.
  4640 | D:7      | Reached skill level 9 in Shields
  4640 | D:7      | 4640 ||| Stepping ~*~*~tactically~*~*~ (outnumbered).
  4643 | D:7      | 4643 ||| Stepping ~*~*~tactically~*~*~ (outnumbered).
  4644 | D:7      | 4644 ||| Stepping ~*~*~tactically~*~*~ (outnumbered).
  4645 | D:7      | 4645 ||| Stepping ~*~*~tactically~*~*~ (outnumbered).
  4646 | D:7      | 4646 ||| Stepping ~*~*~tactically~*~*~ (outnumbered).
  4647 | D:7      | 4647 ||| Stepping ~*~*~tactically~*~*~ (outnumbered).
  4648 | D:7      | 4648 ||| Stepping ~*~*~tactically~*~*~ (outnumbered).
  4649 | D:7      | 4649 ||| Stepping ~*~*~tactically~*~*~ (outnumbered).
  4650 | D:7      | 4650 ||| Stepping ~*~*~tactically~*~*~ (outnumbered).
  4651 | D:7      | 4651 ||| Stepping ~*~*~tactically~*~*~ (outnumbered).
  4652 | D:7      | 4652 ||| Stepping ~*~*~tactically~*~*~ (outnumbered).
  4653 | D:7      | 4653 ||| Stepping ~*~*~tactically~*~*~ (outnumbered).
  4654 | D:7      | 4654 ||| Stepping ~*~*~tactically~*~*~ (outnumbered).
  4655 | D:7      | 4655 ||| Stepping ~*~*~tactically~*~*~ (outnumbered).
  4656 | D:7      | 4656 ||| Stepping ~*~*~tactically~*~*~ (outnumbered).
  4657 | D:7      | 4657 ||| Stepping ~*~*~tactically~*~*~ (outnumbered).
  4658 | D:7      | 4658 ||| Stepping ~*~*~tactically~*~*~ (outnumbered).
  4659 | D:7      | 4659 ||| Stepping ~*~*~tactically~*~*~ (outnumbered).
  4660 | D:7      | 4660 ||| Stepping ~*~*~tactically~*~*~ (outnumbered).
  4661 | D:7      | 4661 ||| Stepping ~*~*~tactically~*~*~ (outnumbered).
  4662 | D:7      | 4662 ||| Stepping ~*~*~tactically~*~*~ (outnumbered).
  4666 | D:7      | HP: 18/84 [wight/+0 flail (11)]
  4667 | D:7      | 4667 ||| READING 3 scrolls of teleportation.
  4668 | D:7      | 4668 ||| DRINKING potion of heal wounds.
  4772 | D:7      | 4772 ||| Invisible monster not found???
  4819 | D:7      | Found Kewaaghi's General Store.
  4824 | D:7      | 4824 ||| Stepping ~*~*~tactically~*~*~ (stealth).
  4828 | D:7      | 4828 ||| Stepping ~*~*~tactically~*~*~ (stealth).
  4835 | D:7      | 4835 ||| Stepping ~*~*~tactically~*~*~ (stealth).
  4836 | D:7      | 4836 ||| Stepping ~*~*~tactically~*~*~ (outnumbered).
  4837 | D:7      | 4837 ||| Stepping ~*~*~tactically~*~*~ (outnumbered).
  4838 | D:7      | 4838 ||| Stepping ~*~*~tactically~*~*~ (outnumbered).
  4839 | D:7      | 4839 ||| Stepping ~*~*~tactically~*~*~ (outnumbered).
  4840 | D:7      | 4840 ||| Stepping ~*~*~tactically~*~*~ (outnumbered).
  4841 | D:7      | 4841 ||| Stepping ~*~*~tactically~*~*~ (outnumbered).
  4842 | D:7      | 4842 ||| Stepping ~*~*~tactically~*~*~ (outnumbered).
  4843 | D:7      | 4843 ||| Stepping ~*~*~tactically~*~*~ (outnumbered).
  4844 | D:7      | 4844 ||| Stepping ~*~*~tactically~*~*~ (outnumbered).
  4864 | D:7      | 4864 ||| BUYING potion of heal wounds (65 gold).
  4864 | D:7      | Bought a potion of heal wounds for 65 gold pieces
  4864 | D:7      | 4864 ||| BUYING potion of heal wounds (65 gold).
  4864 | D:7      | Bought a potion of heal wounds for 65 gold pieces
  5011 | D:7      | Found a staircase to the Ecumenical Temple.
  5022 | D:7      | 5022 ||| Stepping ~*~*~tactically~*~*~ (stealth).
  5030 | D:7      | 5030 ||| Stepping ~*~*~tactically~*~*~ (outnumbered).
  5032 | D:7      | 5032 ||| Stepping ~*~*~tactically~*~*~ (outnumbered).
  5036 | D:7      | 5036 ||| Stepping ~*~*~tactically~*~*~ (outnumbered).
  5040 | D:7      | 5040 ||| Stepping ~*~*~tactically~*~*~ (outnumbered).
  5043 | D:7      | 5043 ||| Stepping ~*~*~tactically~*~*~ (outnumbered).
  5044 | D:7      | 5044 ||| Stepping ~*~*~tactically~*~*~ (outnumbered).
  5045 | D:7      | 5045 ||| Stepping ~*~*~tactically~*~*~ (outnumbered).
  5048 | D:7      | 5048 ||| Stepping ~*~*~tactically~*~*~ (hiding).
  5049 | D:7      | 5049 ||| Stepping ~*~*~tactically~*~*~ (hiding).
  5126 | D:7      | 5126 ||| Stepping ~*~*~tactically~*~*~ (stealth).
  5133 | D:7      | 5133 ||| Stepping ~*~*~tactically~*~*~ (hiding).
  5283 | D:7      | 5283 ||| Stepping ~*~*~tactically~*~*~ (hiding).
  5289 | D:7      | Reached XP level 10. HP: 91/92 MP: 10/10
  5397 | D:7      | 5397 ||| READING scroll labelled JIG UMEIQIUSU DIA.
  5398 | D:7      | 5398 ||| READING 7 scrolls of identify.
  5398 | D:7      | 5398 ||| IDENTIFYING silvery potion
  5459 | D:8      | 5459 ||| Stepping ~*~*~tactically~*~*~ (outnumbered).
  5460 | D:8      | 5460 ||| Stepping ~*~*~tactically~*~*~ (outnumbered).
  5461 | D:8      | 5461 ||| Stepping ~*~*~tactically~*~*~ (outnumbered).
  5462 | D:8      | 5462 ||| Stepping ~*~*~tactically~*~*~ (outnumbered).
  5463 | D:8      | 5463 ||| Stepping ~*~*~tactically~*~*~ (outnumbered).
  5464 | D:8      | 5464 ||| STAIRDANCE
  5473 | D:8      | 5473 ||| STAIRDANCE
  5475 | D:7      | 5475 ||| Stepping ~*~*~tactically~*~*~ (outnumbered).
  5476 | D:7      | 5476 ||| Stepping ~*~*~tactically~*~*~ (outnumbered).
  5477 | D:7      | 5477 ||| Stepping ~*~*~tactically~*~*~ (outnumbered).
  5478 | D:7      | 5478 ||| Stepping ~*~*~tactically~*~*~ (outnumbered).
  5479 | D:7      | 5479 ||| Stepping ~*~*~tactically~*~*~ (outnumbered).
  5480 | D:7      | 5480 ||| Stepping ~*~*~tactically~*~*~ (outnumbered).
  5481 | D:7      | 5481 ||| Stepping ~*~*~tactically~*~*~ (outnumbered).
  5482 | D:7      | 5482 ||| Stepping ~*~*~tactically~*~*~ (outnumbered).
  5483 | D:7      | 5483 ||| Stepping ~*~*~tactically~*~*~ (outnumbered).
  5484 | D:7      | 5484 ||| Stepping ~*~*~tactically~*~*~ (outnumbered).
  5486 | D:7      | 5486 ||| Stepping ~*~*~tactically~*~*~ (outnumbered).
  5487 | D:7      | 5487 ||| Stepping ~*~*~tactically~*~*~ (outnumbered).
  5488 | D:7      | 5488 ||| Stepping ~*~*~tactically~*~*~ (outnumbered).
  5490 | D:7      | 5490 ||| Stepping ~*~*~tactically~*~*~ (outnumbered).
  5491 | D:7      | 5491 ||| Stepping ~*~*~tactically~*~*~ (outnumbered).
  5492 | D:7      | 5492 ||| Stepping ~*~*~tactically~*~*~ (outnumbered).
  5493 | D:7      | 5493 ||| Stepping ~*~*~tactically~*~*~ (outnumbered).
  5494 | D:7      | 5494 ||| Stepping ~*~*~tactically~*~*~ (outnumbered).
  5495 | D:7      | 5495 ||| Stepping ~*~*~tactically~*~*~ (outnumbered).
  5496 | D:7      | 5496 ||| Stepping ~*~*~tactically~*~*~ (outnumbered).
  5497 | D:7      | 5497 ||| Stepping ~*~*~tactically~*~*~ (outnumbered).
  5501 | D:7      | Reached skill level 1 in Throwing
  5538 | D:8      | Noticed Grum
  5539 | D:8      | 5539 ||| INVOKING Fiery Armour.
  5541 | D:8      | 5541 ||| Stepping ~*~*~tactically~*~*~ (outnumbered).
  5542 | D:8      | 5542 ||| Stepping ~*~*~tactically~*~*~ (outnumbered).
  5543 | D:8      | 5543 ||| Stepping ~*~*~tactically~*~*~ (outnumbered).
  5544 | D:8      | 5544 ||| Stepping ~*~*~tactically~*~*~ (outnumbered).
  5546 | D:8      | 5546 ||| Stepping ~*~*~tactically~*~*~ (outnumbered).
  5571 | D:8      | Killed Grum
  5609 | D:8      | 5609 ||| Stepping ~*~*~tactically~*~*~ (outnumbered).
  5611 | D:8      | 5611 ||| Stepping ~*~*~tactically~*~*~ (outnumbered).
  5612 | D:8      | 5612 ||| Stepping ~*~*~tactically~*~*~ (outnumbered).
  5613 | D:8      | 5613 ||| Stepping ~*~*~tactically~*~*~ (outnumbered).
  5614 | D:8      | 5614 ||| Stepping ~*~*~tactically~*~*~ (outnumbered).
  5634 | D:8      | 5634 ||| Stepping ~*~*~tactically~*~*~ (stealth).
  5686 | D:8      | Found Plog's Distillery.
  5692 | D:8      | 5692 ||| BUYING 2 potions of curing (66 gold).
  5692 | D:8      | Bought 2 potions of curing for 66 gold pieces
  5692 | D:8      | 5692 ||| BUYING potion of curing (33 gold).
  5692 | D:8      | Bought a potion of curing for 33 gold pieces
  5692 | D:8      | 5692 ||| BUYING potion of curing (33 gold).
  5692 | D:8      | Bought a potion of curing for 33 gold pieces
  5692 | D:8      | 5692 ||| BUYING potion of haste (110 gold).
  5692 | D:8      | Bought a potion of haste for 110 gold pieces
  5692 | D:8      | 5692 ||| SHOPLISTING potion of heal wounds (55 gold, have
                  | 11).
  5692 | D:8      | 5692 ||| SHOPLISTING potion of mutation (88 gold, have 11).
  5814 | D:8      | 5814 ||| Stepping ~*~*~tactically~*~*~ (stealth).
  5815 | D:8      | 5815 ||| Stepping ~*~*~tactically~*~*~ (stealth).
  5819 | D:8      | 5819 ||| Stepping ~*~*~tactically~*~*~ (stealth).
  5821 | D:8      | 5821 ||| Stepping ~*~*~tactically~*~*~ (outnumbered).
  5822 | D:8      | 5822 ||| INVOKING Fiery Armour.
  5823 | D:8      | 5823 ||| Stepping ~*~*~tactically~*~*~ (outnumbered).
  5824 | D:8      | 5824 ||| Stepping ~*~*~tactically~*~*~ (outnumbered).
  5827 | D:8      | 5827 ||| Stepping ~*~*~tactically~*~*~ (outnumbered).
  5932 | D:8      | Found an ornate altar of the Wu Jian Council.
  6147 | D:8      | 6147 ||| Stepping ~*~*~tactically~*~*~ (hiding).
  6156 | D:8      | 6156 ||| Stepping ~*~*~tactically~*~*~ (hiding).
  6166 | D:8      | 6166 ||| Stepping ~*~*~tactically~*~*~ (outnumbered).
  6242 | D:8      | 6242 ||| READING scroll labelled INUKU ALIENIE.
  6243 | D:8      | 6243 ||| READING 6 scrolls of identify.
  6243 | D:8      | 6243 ||| IDENTIFYING cyan potion
  6244 | D:8      | 6244 ||| DROPPING potion of berserk rage.
  6279 | D:9      | Noticed a two-headed ogre
  6290 | D:9      | 6290 ||| STAIRDANCE
  6295 | D:8      | Killed a two-headed ogre
  6321 | D:9      | 6321 ||| STAIRDANCE
  6328 | D:8      | Reached skill level 1 in Dodging
  6330 | D:9      | 6330 ||| Stepping ~*~*~tactically~*~*~ (outnumbered).
  6331 | D:9      | 6331 ||| Stepping ~*~*~tactically~*~*~ (outnumbered).
  6332 | D:9      | 6332 ||| Stepping ~*~*~tactically~*~*~ (outnumbered).
  6333 | D:9      | 6333 ||| Stepping ~*~*~tactically~*~*~ (outnumbered).
  6453 | D:9      | 6453 ||| Stepping ~*~*~tactically~*~*~ (hiding).
  6460 | D:9      | 6460 ||| Stepping ~*~*~tactically~*~*~ (hiding).
  6474 | D:9      | 6474 ||| Stepping ~*~*~tactically~*~*~ (stealth).
  6478 | D:9      | 6478 ||| Stepping ~*~*~tactically~*~*~ (stealth).
  6480 | D:9      | 6480 ||| Stepping ~*~*~tactically~*~*~ (hiding).
  6505 | D:9      | 6505 ||| Stepping ~*~*~tactically~*~*~ (stealth).
  6538 | D:9      | 6538 ||| Stepping ~*~*~tactically~*~*~ (hiding).
  6550 | D:9      | 6550 ||| Stepping ~*~*~tactically~*~*~ (stealth).
  6559 | D:9      | Reached skill level 10 in Unarmed Combat
  6563 | D:9      | 6563 ||| Stepping ~*~*~tactically~*~*~ (stealth).
  6575 | D:9      | Found a staircase to the Orcish Mines.
  6579 | D:9      | 6579 ||| Stepping ~*~*~tactically~*~*~ (stealth).
  6585 | D:9      | 6585 ||| Stepping ~*~*~tactically~*~*~ (stealth).
  6586 | D:9      | 6586 ||| Stepping ~*~*~tactically~*~*~ (stealth).
  6587 | D:9      | 6587 ||| Stepping ~*~*~tactically~*~*~ (hiding).
  6614 | D:9      | 6614 ||| FLEEEEING.
  6620 | D:9      | 6620 ||| Stepping ~*~*~tactically~*~*~ (stealth).
  6625 | D:9      | 6625 ||| Stepping ~*~*~tactically~*~*~ (stealth).
  6642 | D:9      | 6642 ||| Stepping ~*~*~tactically~*~*~ (stealth).
  6653 | D:9      | 6653 ||| Stepping ~*~*~tactically~*~*~ (stealth).
  6740 | D:9      | 6740 ||| INVOKING Fiery Armour.
  6748 | D:9      | 6748 ||| Stepping ~*~*~tactically~*~*~ (outnumbered).
  6761 | D:9      | 6761 ||| Stepping ~*~*~tactically~*~*~ (stealth).
  6776 | D:9      | 6776 ||| Stepping ~*~*~tactically~*~*~ (hiding).
  6789 | D:9      | 6789 ||| Stepping ~*~*~tactically~*~*~ (outnumbered).
  6791 | D:9      | 6791 ||| Stepping ~*~*~tactically~*~*~ (outnumbered).
  6828 | D:9      | 6828 ||| Stepping ~*~*~tactically~*~*~ (stealth).
  6832 | D:9      | 6832 ||| FLEEEEING.
  6833 | D:9      | 6833 ||| FLEEEEING.
  6834 | D:9      | 6834 ||| FLEEEEING.
  6836 | D:9      | 6836 ||| Stepping ~*~*~tactically~*~*~ (hiding).
  6988 | D:9      | 6988 ||| Stepping ~*~*~tactically~*~*~ (stealth).
  6993 | D:9      | Reached skill level 12 in Shields
  6999 | D:9      | 6999 ||| Stepping ~*~*~tactically~*~*~ (stealth).
  7150 | D:9      | Noticed a two-headed ogre
  7151 | D:9      | 7151 ||| Stepping ~*~*~tactically~*~*~ (stealth).
  7154 | D:9      | 7154 ||| Stepping ~*~*~tactically~*~*~ (stealth).
  7159 | D:9      | 7159 ||| Stepping ~*~*~tactically~*~*~ (outnumbered).
  7162 | D:9      | Reached XP level 11. HP: 87/100 MP: 11/11
  7165 | D:9      | 7165 ||| INVOKING Fiery Armour.
  7170 | D:9      | Killed a two-headed ogre
  7295 | D:9      | 7295 ||| Stepping ~*~*~tactically~*~*~ (stealth).
  7296 | D:9      | 7296 ||| Stepping ~*~*~tactically~*~*~ (stealth).
  7297 | D:9      | 7297 ||| Stepping ~*~*~tactically~*~*~ (stealth).
  7494 | D:9      | 7494 ||| Stepping ~*~*~tactically~*~*~ (stealth).
  7506 | D:10     | Entered Level 10 of the Dungeon
  7551 | D:10     | Noticed a two-headed ogre
  7561 | D:10     | Killed a two-headed ogre
  7562 | D:10     | Reached skill level 11 in Unarmed Combat
  7595 | D:10     | Noticed a deep elf pyromancer
  7599 | D:10     | 7599 ||| Stepping ~*~*~tactically~*~*~ (hiding).
  7616 | D:10     | Killed a deep elf pyromancer
  7623 | D:10     | 7623 ||| DRINKING 7 potions of curing.
  7623 | D:10     | 7623 ||| (to cure confusion)
  7785 | D:10     | 7785 ||| Stepping ~*~*~tactically~*~*~ (hiding).
  7786 | D:10     | 7786 ||| Stepping ~*~*~tactically~*~*~ (hiding).
  7792 | D:10     | 7792 ||| Stepping ~*~*~tactically~*~*~ (outnumbered).
  7844 | D:10     | 7844 ||| Stepping ~*~*~tactically~*~*~ (stealth).
  7922 | D:10     | Found a staircase to the Lair.
  8077 | D:10     | 8077 ||| Stepping ~*~*~tactically~*~*~ (outnumbered).
  8079 | D:10     | 8079 ||| Stepping ~*~*~tactically~*~*~ (outnumbered).
  8185 | D:10     | 8185 ||| PLANNING LAIR
  8185 | D:10     | 8185 ||| READING scroll labelled FIPTUA LEBATU.
  8186 | D:10     | 8186 ||| READING scroll labelled SIAFACIGRO.
  8275 | Lair:1   | Entered Level 1 of the Lair of Beasts
  8276 | Lair:1   | 8276 ||| PLANNING GAUNTLET
  8313 | Lair:1   | 8313 ||| Stepping ~*~*~tactically~*~*~ (stealth).
  8316 | Lair:1   | 8316 ||| INVOKING Fiery Armour.
  8372 | Lair:1   | 8372 ||| Stepping ~*~*~tactically~*~*~ (stealth).
  8374 | Lair:1   | 8374 ||| Stepping ~*~*~tactically~*~*~ (stealth).
  8411 | Lair:1   | Reached skill level 12 in Unarmed Combat
  8413 | Lair:1   | 8413 ||| Stepping ~*~*~tactically~*~*~ (hiding).
  8468 | Lair:1   | 8468 ||| Stepping ~*~*~tactically~*~*~ (outnumbered).
  8469 | Lair:1   | 8469 ||| Stepping ~*~*~tactically~*~*~ (outnumbered).
  8470 | Lair:1   | 8470 ||| Stepping ~*~*~tactically~*~*~ (outnumbered).
  8475 | Lair:1   | 8475 ||| INVOKING Fiery Armour.
  8477 | Lair:1   | 8477 ||| Stepping ~*~*~tactically~*~*~ (outnumbered).
  8478 | Lair:1   | 8478 ||| Stepping ~*~*~tactically~*~*~ (outnumbered).
  8701 | Lair:1   | 8701 ||| Stepping ~*~*~tactically~*~*~ (stealth).
  8721 | Lair:1   | 8721 ||| RIP GAUNTLET
  8771 | Lair:1   | 8771 ||| PLANNING LAIR
  9232 | Lair:1   | 9232 ||| READING 6 scrolls of identify.
  9232 | Lair:1   | 9232 ||| IDENTIFYING black potion
  9233 | Lair:1   | 9233 ||| DROPPING potion of brilliance.
  9293 | Lair:2   | Noticed a four-headed hydra
  9295 | Lair:2   | 9295 ||| INVOKING Fiery Armour.
  9303 | Lair:2   | 9303 ||| Stepping ~*~*~tactically~*~*~ (outnumbered).
  9303 | Lair:2   | Killed a seven-headed hydra
  9311 | Lair:2   | Reached XP level 12. HP: 81/111 MP: 12/12
  9498 | Lair:2   | 9498 ||| Stepping ~*~*~tactically~*~*~ (stealth).
  9533 | Lair:2   | Reached skill level 13 in Unarmed Combat
  9565 | Lair:2   | 9565 ||| Stepping ~*~*~tactically~*~*~ (hiding).
  9566 | Lair:2   | 9566 ||| Stepping ~*~*~tactically~*~*~ (hiding).
  9639 | Lair:2   | 9639 ||| Stepping ~*~*~tactically~*~*~ (stealth).
  9669 | Lair:2   | 9669 ||| Stepping ~*~*~tactically~*~*~ (stealth).
  9670 | Lair:2   | 9670 ||| Stepping ~*~*~tactically~*~*~ (stealth).
  9671 | Lair:2   | 9671 ||| Stepping ~*~*~tactically~*~*~ (stealth).
  9673 | Lair:2   | 9673 ||| INVOKING Fiery Armour.
  9680 | Lair:2   | 9680 ||| Stepping ~*~*~tactically~*~*~ (outnumbered).
  9769 | Lair:2   | 9769 ||| Stepping ~*~*~tactically~*~*~ (stealth).
  9815 | Lair:2   | 9815 ||| Stepping ~*~*~tactically~*~*~ (stealth).
  9817 | Lair:2   | 9817 ||| Stepping ~*~*~tactically~*~*~ (outnumbered).
  9818 | Lair:2   | 9818 ||| Stepping ~*~*~tactically~*~*~ (outnumbered).
  9819 | Lair:2   | 9819 ||| Stepping ~*~*~tactically~*~*~ (outnumbered).
  9820 | Lair:2   | 9820 ||| Stepping ~*~*~tactically~*~*~ (outnumbered).
  9821 | Lair:2   | 9821 ||| Stepping ~*~*~tactically~*~*~ (outnumbered).
  9823 | Lair:2   | 9823 ||| Stepping ~*~*~tactically~*~*~ (outnumbered).
  9824 | Lair:2   | 9824 ||| Stepping ~*~*~tactically~*~*~ (outnumbered).
  9829 | Lair:2   | 9829 ||| Stepping ~*~*~tactically~*~*~ (outnumbered).
  9831 | Lair:2   | 9831 ||| Stepping ~*~*~tactically~*~*~ (outnumbered).
  9832 | Lair:2   | 9832 ||| Stepping ~*~*~tactically~*~*~ (outnumbered).
  9833 | Lair:2   | 9833 ||| Stepping ~*~*~tactically~*~*~ (outnumbered).
  9834 | Lair:2   | 9834 ||| Stepping ~*~*~tactically~*~*~ (outnumbered).
  9835 | Lair:2   | 9835 ||| Stepping ~*~*~tactically~*~*~ (outnumbered).
  9866 | Lair:2   | 9866 ||| Stepping ~*~*~tactically~*~*~ (outnumbered).
  9900 | Lair:2   | 9900 ||| Stepping ~*~*~tactically~*~*~ (stealth).
  9903 | Lair:2   | 9903 ||| Stepping ~*~*~tactically~*~*~ (stealth).
  9906 | Lair:2   | 9906 ||| INVOKING Fiery Armour.
  9975 | Lair:2   | 9975 ||| Stepping ~*~*~tactically~*~*~ (stealth).
  9977 | Lair:2   | 9977 ||| Stepping ~*~*~tactically~*~*~ (hiding).
  9983 | Lair:2   | Found a basalt altar of Yredelemnul.
 10009 | Lair:2   | 10009 ||| Stepping ~*~*~tactically~*~*~ (hiding).
 10215 | Lair:2   | Found a staircase to the Snake Pit.
 10366 | Lair:2   | 10366 ||| Stepping ~*~*~tactically~*~*~ (stealth).
 10367 | Lair:2   | 10367 ||| Stepping ~*~*~tactically~*~*~ (stealth).
 10555 | Lair:2   | 10555 ||| Stepping ~*~*~tactically~*~*~ (stealth).
 10560 | Lair:2   | 10560 ||| Stepping ~*~*~tactically~*~*~ (outnumbered).
 10564 | Lair:2   | 10564 ||| Stepping ~*~*~tactically~*~*~ (outnumbered).
 10565 | Lair:2   | 10565 ||| Stepping ~*~*~tactically~*~*~ (outnumbered).
 10584 | Lair:2   | 10584 ||| Stepping ~*~*~tactically~*~*~ (stealth).
 10592 | Lair:2   | 10592 ||| Stepping ~*~*~tactically~*~*~ (stealth).
 10595 | Lair:2   | 10595 ||| Stepping ~*~*~tactically~*~*~ (stealth).
 10596 | Lair:2   | 10596 ||| Stepping ~*~*~tactically~*~*~ (stealth).
 10607 | Lair:2   | 10607 ||| FLEEEEING.
 10608 | Lair:2   | 10608 ||| FLEEEEING.
 10609 | Lair:2   | 10609 ||| FLEEEEING.
 10610 | Lair:2   | 10610 ||| FLEEEEING.
 10611 | Lair:2   | 10611 ||| FLEEEEING.
 10612 | Lair:2   | 10612 ||| FLEEEEING.
 10613 | Lair:2   | 10613 ||| FLEEEEING.
 10614 | Lair:2   | 10614 ||| FLEEEEING.
 10797 | Lair:2   | Reached skill level 14 in Unarmed Combat
 10804 | Lair:2   | Found a staircase to the Shoals.
 10970 | Lair:3   | Noticed an eight-headed hydra
 10971 | Lair:3   | 10971 ||| Stepping ~*~*~tactically~*~*~ (stealth).
 10972 | Lair:3   | 10972 ||| INVOKING Fiery Armour.
 10974 | Lair:3   | 10974 ||| Stepping ~*~*~tactically~*~*~ (stealth).
 10975 | Lair:3   | Killed a nine-headed hydra
 10976 | Lair:3   | Reached skill level 6 in Fighting
 10976 | Lair:3   | 10976 ||| FLEEEEING.
 10979 | Lair:3   | 10979 ||| FLEEEEING.
 10980 | Lair:3   | 10980 ||| FLEEEEING.
 10981 | Lair:3   | 10981 ||| STAIRDANCE
 10983 | Lair:2   | 10983 ||| PLANNING TEMPLE
 11113 | Temple   | Entered the Ecumenical Temple
 11181 | Temple   | 11181 ||| PLANNING CONVERSION TO OKAWARU
 11189 | Temple   | Fell from the grace of Ignis
 11189 | Temple   | Became a worshipper of Warmaster Okawaru
 11190 | Temple   | 11190 ||| PLANNING LAIR
 11328 | Lair:3   | 11328 ||| STAIRDANCE
 11336 | Lair:3   | 11336 ||| STAIRDANCE
 11392 | Lair:3   | 11392 ||| Stepping ~*~*~tactically~*~*~ (outnumbered).
 11414 | Lair:3   | 11414 ||| FLEEEEING.
 11415 | Lair:3   | 11415 ||| STAIRDANCE
 11475 | Lair:3   | 11475 ||| Stepping ~*~*~tactically~*~*~ (stealth).
 11481 | Lair:3   | 11481 ||| Stepping ~*~*~tactically~*~*~ (outnumbered).
 11482 | Lair:3   | 11482 ||| Stepping ~*~*~tactically~*~*~ (outnumbered).
 11483 | Lair:3   | 11483 ||| Stepping ~*~*~tactically~*~*~ (outnumbered).
 11485 | Lair:3   | 11485 ||| Stepping ~*~*~tactically~*~*~ (outnumbered).
 11490 | Lair:3   | 11490 ||| Stepping ~*~*~tactically~*~*~ (outnumbered).
 11497 | Lair:3   | Reached * piety under Okawaru
 11578 | Lair:3   | Noticed Amaemon
 11579 | Lair:3   | 11579 ||| Stepping ~*~*~tactically~*~*~ (hiding).
 11580 | Lair:3   | 11580 ||| INVOKING Heroism.
 11582 | Lair:3   | 11582 ||| Stepping ~*~*~tactically~*~*~ (hiding).
 11583 | Lair:3   | 11583 ||| Stepping ~*~*~tactically~*~*~ (hiding).
 11584 | Lair:3   | 11584 ||| Stepping ~*~*~tactically~*~*~ (stealth).
 11588 | Lair:3   | 11588 ||| Stepping ~*~*~tactically~*~*~ (outnumbered).
 11596 | Lair:3   | 11596 ||| INVOKING Heroism.
 11598 | Lair:3   | Killed Amaemon
 11599 | Lair:3   | Reached skill level 1 in Invocations
 11599 | Lair:3   | Reached XP level 13. HP: 79/120 MP: 10/13
 11693 | Lair:3   | 11693 ||| INVOKING Heroism.
 11694 | Lair:3   | 11694 ||| INVOKING Heroism.
 11886 | Lair:3   | Reached ** piety under Okawaru
 12055 | Lair:3   | 12055 ||| Stepping ~*~*~tactically~*~*~ (stealth).
 12057 | Lair:3   | 12057 ||| Stepping ~*~*~tactically~*~*~ (stealth).
 12058 | Lair:3   | 12058 ||| INVOKING Heroism.
 12074 | Lair:3   | 12074 ||| INVOKING Heroism.
 12077 | Lair:3   | Reached skill level 3 in Invocations
 12284 | Lair:3   | 12284 ||| INVOKING Heroism.
 12332 | Lair:4   | 12332 ||| INVOKING Heroism.
 12333 | Lair:4   | 12333 ||| STAIRDANCE
 12335 | Lair:3   | 12335 ||| Stepping ~*~*~tactically~*~*~ (outnumbered).
 12336 | Lair:3   | 12336 ||| Stepping ~*~*~tactically~*~*~ (outnumbered).
 12338 | Lair:3   | 12338 ||| Stepping ~*~*~tactically~*~*~ (outnumbered).
 12339 | Lair:3   | 12339 ||| Stepping ~*~*~tactically~*~*~ (outnumbered).
 12340 | Lair:3   | 12340 ||| Stepping ~*~*~tactically~*~*~ (outnumbered).
 12364 | Lair:4   | 12364 ||| INVOKING Heroism.
 12366 | Lair:4   | 12366 ||| Stepping ~*~*~tactically~*~*~ (outnumbered).
 12367 | Lair:4   | 12367 ||| Stepping ~*~*~tactically~*~*~ (outnumbered).
 12371 | Lair:4   | 12371 ||| Stepping ~*~*~tactically~*~*~ (outnumbered).
 12372 | Lair:4   | 12372 ||| Stepping ~*~*~tactically~*~*~ (outnumbered).
 12373 | Lair:4   | 12373 ||| Stepping ~*~*~tactically~*~*~ (outnumbered).
 12375 | Lair:4   | HP: 27/120 [black mamba (4)]
 12376 | Lair:4   | 12376 ||| READING 4 scrolls of teleportation.
 12377 | Lair:4   | 12377 ||| DRINKING 6 potions of heal wounds.
 12380 | Lair:4   | HP: 28/120 [poisoned by a water moccasin]
 12385 | Lair:4   | HP: 27/120 [poisoned by a water moccasin]
 12419 | Lair:4   | 12419 ||| INVOKING Heroism.
 12506 | Lair:4   | 12506 ||| Stepping ~*~*~tactically~*~*~ (outnumbered).
 12586 | Lair:4   | 12586 ||| INVOKING Heroism.
 12614 | Lair:4   | 12614 ||| Stepping ~*~*~tactically~*~*~ (stealth).
 12615 | Lair:4   | 12615 ||| INVOKING Heroism.
 12624 | Lair:4   | 12624 ||| Stepping ~*~*~tactically~*~*~ (outnumbered).
 12632 | Lair:4   | 12632 ||| INVOKING Heroism.
 12643 | Lair:4   | Reached skill level 15 in Unarmed Combat
 12715 | Lair:4   | 12715 ||| INVOKING Heroism.
 12726 | Lair:4   | HP: 24/120 [fire elemental[the fiery vengeance of Ignis]
                  | (12)]
 12727 | Lair:4   | 12727 ||| READING 3 scrolls of teleportation.
 12728 | Lair:4   | 12728 ||| DRINKING 5 potions of heal wounds.
 12825 | Lair:4   | 12825 ||| Stepping ~*~*~tactically~*~*~ (stealth).
 12827 | Lair:4   | 12827 ||| INVOKING Heroism.
 12829 | Lair:4   | 12829 ||| Stepping ~*~*~tactically~*~*~ (outnumbered).
 12928 | Lair:4   | 12928 ||| Stepping ~*~*~tactically~*~*~ (stealth).
 12930 | Lair:4   | 12930 ||| INVOKING Heroism.
 12935 | Lair:4   | 12935 ||| Stepping ~*~*~tactically~*~*~ (outnumbered).
 12970 | Lair:4   | Found a staircase to the Slime Pits.
 12971 | Lair:4   | Found a viscous altar of Jiyva.
 13103 | Lair:4   | Reached skill level 3 in Throwing
 13361 | Lair:4   | 13361 ||| READING scroll labelled CUGU BERRE.
 13362 | Lair:4   | 13362 ||| READING 7 scrolls of identify.
 13362 | Lair:4   | 13362 ||| IDENTIFYING golden potion
 13392 | Lair:5   | Entered Level 5 of the Lair of Beasts
 13393 | Lair:5   | 13393 ||| STAIRDANCE
 13405 | Lair:5   | 13405 ||| STAIRDANCE
 13418 | Lair:4   | Was forgiven by Ignis
 13428 | Lair:4   | 13428 ||| INVOKING Heroism.
 13492 | Lair:5   | 13492 ||| Stepping ~*~*~tactically~*~*~ (outnumbered).
 13493 | Lair:5   | 13493 ||| Stepping ~*~*~tactically~*~*~ (outnumbered).
 13496 | Lair:5   | 13496 ||| Stepping ~*~*~tactically~*~*~ (outnumbered).
 13520 | Lair:5   | 13520 ||| Stepping ~*~*~tactically~*~*~ (stealth).
 13523 | Lair:5   | 13523 ||| Stepping ~*~*~tactically~*~*~ (stealth).
 13524 | Lair:5   | 13524 ||| Stepping ~*~*~tactically~*~*~ (stealth).
 13525 | Lair:5   | 13525 ||| INVOKING Heroism.
 13527 | Lair:5   | 13527 ||| Stepping ~*~*~tactically~*~*~ (hiding).
 13534 | Lair:5   | 13534 ||| Stepping ~*~*~tactically~*~*~ (outnumbered).
 13535 | Lair:5   | 13535 ||| Stepping ~*~*~tactically~*~*~ (outnumbered).
 13536 | Lair:5   | 13536 ||| Stepping ~*~*~tactically~*~*~ (hiding).
 13542 | Lair:5   | Reached *** piety under Okawaru
 13543 | Lair:5   | 13543 ||| INVOKING Heroism.
 13560 | Lair:5   | HP: 27/120 [yak (6)]
 13563 | Lair:5   | HP: 5/120 [death yak (9)]
 13564 | Lair:5   | HP: 2/120 [yak (4)]
 13564 | Lair:5   | Slain by a death yak

Levels and vault maps discovered:
D:1:      onia_arrival_handbag, layout_loops_ring,
          shapermc_ecumenical_altar_flowoftime, palyth_stone_intersect,
          minmay_misc_feat_more_columns, minmay_misc_feat_plants
D:2:      layout_rooms, basic_altar, wander_ebering_terrifying_dragon_lair,
          uniq_sigmund, uniq_robin, uniq_natasha
D:3:      kennysheep_six_static_rooms, layout_rooms,
          mainiacjoe_overflow_large_starburst, hangedman_feature_mirror
D:4:      layout_loops_ring, nicolae_qazlal_scattered_showers,
          item_on_display_a, uniq_blork_the_orc, uniq_edmund, uniq_grinder,
          uniq_duvessa
D:5:      layout_loops_ring, kennysheep_mini_moat,
          mainiacjoe_overflow_boulevard, general_overflow_altar,
          grunt_ashenzari_visionary [grunt_ashenzari_visionary_shoals,
          grunt_ashenzari_visionary_snake], mainiacjoe_overflow_swirl,
          hellmonk_bongcloud_opening, minmay_shop_mass, nicolae_alphabet_shops
D:6:      hangedman_cross_stitches, layout_cave_pods
D:7:      layout_cave_pools, minmay_temple_entry_metal_lava, serial_shops, shop,
          grunt_ministairs_9, hangedman_decor_diamond_cutter
D:8:      layout_basic, nicolae_overflow_crystal_walls, serial_shops, shop,
          uniq_grum
D:9:      layout_basic, erik_orc_3, serial_ice, serial_ice_d, serial_ice_n,
          serial_ice_f, serial_ice_b
D:10:     old_forge, layout_basic, lair_entry_dummy
Temple:   hellmonk_temple_forest_ring
Lair:1:   layout_small_grid, gauntlet_entry_generic, minivault_11,
          grunt_megastairs_5
Lair:2:   wad_woods_stonehenge, layout_layer_cave, elwin_shoals_entry_rooms,
          minmay_snake_entry_guardpost_small, patterned_corridor
Lair:3:   layout_misc_corridors, st_stairs_5, grunt_forest_small_clearing_treed,
          uniq_amaemon
Lair:4:   layout_roguey, slime_entry_1
Lair:5:   due_jungle_book, layout_misc_corridors, serial_bayou_pond_e

Skill      XL: |  1  2  3  4  5  6  7  8  9 10 11 12 13 |
---------------+----------------------------------------+-----
Unarmed Combat | 4 5 6 8 9 10 12 14 15 | 15.0
Fighting       | 4 5 6 |  6.1
Shields        | 6 10 12 13 14 | 14.6
Throwing       | 1 3 |  3.8
Dodging        | 1 |  1.5
Invocations    | 1 4 |  4.0
Spellcasting   | |  1.0
Fire Magic     | |  2.1

Action                   |  1- 3 |  4- 6 |  7- 9 | 10-12 | 13-15 || total
-------------------------+-------+-------+-------+-------+-------++-------
Melee: Unarmed           |    94 |    91 |   346 |   827 |   232 ||  1590
       Punch             |     1 |     1 |       |       |       ||     2
Throw: Boomerang         |       |       |    50 |    98 |       ||   148
       Javelin           |       |       |       |       |    13 ||    13
Invok: Fiery Armour      |       |     2 |     1 |    10 |       ||    13
       Heroism           |       |       |       |     2 |    16 ||    18
  Use: Scroll            |     6 |     4 |     5 |     7 |     4 ||    26
       Potion            |       |     2 |     3 |     1 |     2 ||     8
 Stab: Distracted        |       |       |     1 |     1 |       ||     2
Armor: Robe              |    27 |    60 |   144 |   318 |    72 ||   621
Dodge: Dodged            |    21 |    45 |    73 |   161 |    32 ||   332
Block: Tower shield      |       |       |   208 |   753 |   190 ||  1151

Table legend:
 A = Non-vault XP
 B = Vault XP
 C = Vault XP percentage of total XP
 D = Non-vault monster count
 E = Vault monster count
 F = Vault count percentage of total count
                 A         B        C        D         E       F
            +---------+---------+-------+---------+---------+-------
      Total |   44599 |    9375 |  17.4 |     365 |     114 |  23.8
            +---------+---------+-------+---------+---------+-------
        D:1 |      35 |       4 |  10.3 |      21 |       4 |  16.0
        D:2 |      66 |     292 |  81.6 |      15 |      14 |  48.3
        D:3 |      41 |     137 |  77.0 |      15 |       9 |  37.5
        D:4 |     381 |     644 |  62.8 |      26 |       4 |  13.3
        D:5 |    1192 |       0 |   0.0 |      33 |       0 |   0.0
        D:6 |     789 |     885 |  52.9 |      17 |      11 |  39.3
        D:7 |    1143 |     147 |  11.4 |      21 |      11 |  34.4
        D:8 |    1894 |     531 |  21.9 |      32 |       4 |  11.1
        D:9 |    2342 |    1425 |  37.8 |      34 |      28 |  45.2
       D:10 |    2231 |     569 |  20.3 |      11 |      14 |  56.0
     Lair:1 |    5479 |     418 |   7.1 |      32 |       1 |   3.0
     Lair:2 |   10152 |    2960 |  22.6 |      38 |      11 |  22.4
     Lair:3 |    7952 |    1363 |  14.6 |      25 |       3 |  10.7
     Lair:4 |    7088 |       0 |   0.0 |      35 |       0 |   0.0
     Lair:5 |    3814 |       0 |   0.0 |      10 |       0 |   0.0
            +---------+---------+-------+---------+---------+-------
